 Dungeon Crawl Stone Soup version 0.21.0-3-g78d12a8 (webtiles) character file.

32 tsouns the Cutter (level 3, -3/21 HPs)
             Began as a Kobold Gladiator on Jan 12, 2018.
             Slain by an ogre
             ... wielding a +0 giant spiked club
              (24 damage)
             ... on level 2 of the Dungeon.
             The game lasted 00:02:04 (1149 turns).

tsouns the Cutter (Kobold Gladiator)                Turns: 1149, Time: 00:02:05

Health: -3/21      AC:  3    Str: 12    XL:     3   Next: 45%
Magic:  3/3        EV: 16    Int:  9    God:
Gold:   30         SH:  0    Dex: 16    Spells: 2/2 levels left

rFire    . . .     SeeInvis .   j - +0 dagger (vamp)
rCold    . . .     Gourm    .   (shield restricted)
rNeg     . . .     Faith    .   r - +0 robe (curse)
rPois    .         Spirit   .   c - +0 helmet
rElec    .         Reflect  .   (no cloak)
rCorr    .         Harm     .   (no gloves)
MR       .....                  (no boots)
Stlth    ++........             (no amulet)
HPRegen  0.07/turn              (no ring)
MPRegen  0.08/turn              (no ring)

@: no status effects
A: small, carnivore
a: no special abilities


You were on level 2 of the Dungeon.
You were completely stuffed.

You visited 1 branch of the dungeon, and saw 2 of its levels.

You collected 30 gold pieces.

Inventory:

Hand Weapons
 a - a +0 rapier
 j - a +0 vampiric dagger (weapon)
Missiles
 d - 3 throwing nets (quivered)
Armour
 b - a +0 leather armour
 c - a +0 helmet (worn)
 p - a +0 plate armour
 r - a cursed +0 robe (worn)
Scrolls
 e - a scroll of noise {unknown}
 g - a scroll of immolation {unknown}
 i - 2 scrolls of identify {unknown}
 l - a scroll of enchant weapon {unknown}
 o - a scroll of remove curse {unknown}
Potions
 h - a potion of agility {unknown}
 k - a potion of magic {unknown}
 m - a potion of brilliance {unknown}
 n - 2 potions of curing {unknown}
Comestibles
 f - a ration
 q - a chunk of flesh


   Skills:
 - Level 2.1 Fighting
 + Level 4.9 Short Blades
 - Level 2.1 Throwing
 - Level 3.6 Dodging
 + Level 2.8 Stealth


You had 2 spell levels left.
You didn't know any spells.

Dungeon Overview and Level Annotations

Branches:
Dungeon (2/15)

Altars:
Ashenzari


Innate Abilities, Weirdness & Mutations

You are small and have problems with some larger weapons.
You are carnivorous and can eat meat at any time.


Message History

You hit the goblin.
The goblin is moderately wounded.
The goblin hits you with a dagger.
You hit the goblin.
You kill the goblin!
The bat closely misses you.
An ogre comes into view. It is wielding a giant spiked club.
You hit the bat but do no damage. The bat barely misses you.
You closely miss the bat. The bat misses you.
You closely miss the bat. The bat barely misses you.
You barely miss the bat. The bat hits you but does no damage.
The bat hits you but does no damage. The bat hits you but does no damage.
You see here a dagger.
You hit the ogre.
You feel better.
The ogre is lightly wounded.
The bat hits you but does no damage.
The ogre hits you with a giant spiked club!!
Ouch! That really hurt!
You die...

... ... ###### .#.
...##.#.## ####.....
#⌠.##+...⌠#..###........
#.........#....+........
#.......###.#..........
#...........#....h.>...
+..._...+...+..###.....
#....O..#...#..# ######
##.....@b#.#.#.##
#.........#)..÷###
#⌠$##+##.⌠#......##### #
####..........#
#.............#
#..##.........# #..#
#####'###+### ...
#.#...... #. #.'......


You could see an ogre and a bat.

Vanquished Creatures
  An ooze (D:1)
  2 dart slugs (D:1)
  A bat (D:1)
  4 hobgoblins (D:1)
  4 jackals (D:2)
  4 goblins
  3 kobolds (D:1)
  3 rats (D:1)
22 creatures vanquished.

Notes
Turn   | Place    | Note
-------+----------+-------------------------------------------
     0 | D:1      | tsouns the Kobold Gladiator began the quest for the Orb.
     0 | D:1      | Reached XP level 1. HP: 12/12 MP: 1/1
   105 | D:1      | Reached skill level 1 in Stealth
   109 | D:1      | Reached XP level 2. HP: 14/17 MP: 2/2
   495 | D:1      | Reached XP level 3. HP: 21/21 MP: 3/3
  1139 | D:2      | Found a shattered altar of Ashenzari.
  1143 | D:2      | Noticed an ogre
  1149 | D:2      | Slain by an ogre

Skill      XL: |  1  2 |
---------------+-------+-----
Stealth        | 1 2 |  2.8
Fighting       | |  2.1
Short Blades   | |  4.9
Throwing       | |  2.1
Dodging        | |  3.6

Action                   || total
-------------------------++-------
Melee: Rapier            ||    30
       Dagger            ||   106
 Stab: Sleeping          ||     1
  Eat: Chunk             ||    14
Armor: Leather armour    ||     9
       Robe              ||    22
Dodge: Dodged            ||   135
